 Seeded DCSS version 0.30-a0-134-gb40fab5c76 (webtiles) character file.

Game seed: 5163395022544084286 (custom seed)

606 NinjaNoafa the Magician (level 7, -1/70 HPs)
             Began as a Djinni Ice Elementalist on Sept 19, 2022.
             Was an Initiate of Ashenzari.
             Slain by an orc priest
             ... wielding a +0 club
              (3 damage)
             ... on level 5 of the Dungeon.
             The game lasted 00:09:39 (5560 turns).

NinjaNoafa the Magician (Djinni Ice Elementalist)   Turns: 5560, Time: 00:09:40

Health: -1/70      AC: 23    Str:  5    XL:     7   Next: 70%
Gold:   244        EV:  2    Int: 29    God:    Ashenzari [......] SH:  0 Dex: 11

rFire   . . .      SeeInvis .    y - staff of cold
rCold   + + .      Faith    .    (no shield)
rNeg    . . .      Spirit   .    (body armour currently unavailable)
rPois   ∞          Reflect  .    (helmet currently unavailable)
rElec   .          Harm     .    (cloak currently unavailable)
rCorr   +          Rampage  .    (gloves currently unavailable)
Will    +....      NoTele   +    (boots unavailable)
Stlth   ++........               (no amulet)
HPRegen 0.21/turn                u - ring of resist corrosion
MPRegen 0.00/turn                C - ring "Gaze Upon Infinity" {Drain rC+ rCorr Int+2 Slay+3, Melee, Self} (curse)

@: tree-form
A: stationary, stasis, torment immunity, boosted hp, sickness immunity, (fire
resistance 2), (cold vulnerability 1), float, innate caster, HP casting, extra
vitality 1, clever 2, strong-willed 1
a: Renounce Religion, Shatter the Chains


You were on level 5 of the Dungeon.
You worshipped Ashenzari.
Ashenzari was noncommittal.
You were a tree.
You visited 2 branches of the dungeon, and saw 6 of its levels.

You collected 244 gold pieces.

Inventory:

Missiles
 d - 5 javelins
 f - 51 stones
 i - 3 atropa-tipped darts
 q - 23 poisoned darts
Armour
 a - a +0 robe (melded)
 m - a +2 cloak of stealth (melded)
Magical Staves
 y - a staff of cold (weapon)
Jewellery
 u - a ring of resist corrosion (left branch)
 C - the cursed ring "Gaze Upon Infinity" (right branch) {Drain rC+ rCorr Int+2 Slay+3, Melee, Self}
   (You took it off an orc on level 4 of the Dungeon)

   [ring of resist corrosion]

   Int:       It affects your intelligence (+2).
   Slay:      It affects your accuracy & damage with ranged weapons and melee
   (+3).
   rC:        It protects you from cold.
   rCorr:     It protects you from acid and corrosion.
   Drain:     It drains your maximum health when unequipped.
   It has a curse which improves the following skills: Melee Combat: Short
   Blades, Long Blades, Axes, Maces & Flails, Polearms, Staves and Unarmed
   Combat.
   Introspection: Fighting and Spellcasting.
Wands
 t - a wand of charming (10)
Scrolls
 e - a scroll of summoning {unknown}
 h - 2 scrolls of noise {unknown}
 j - a scroll of poison {unknown}
 l - a scroll of acquirement {unknown}
 n - 2 scrolls of brand weapon {unknown}
 o - 3 scrolls of teleportation {unknown}
 v - a scroll of enchant weapon {unknown}
 w - a scroll of amnesia {unknown}
 x - a scroll of identify {unknown}
 B - a scroll of fear {unknown}
Potions
 g - a potion of brilliance {unknown}
 k - a potion of heal wounds {unknown}
 p - a potion of haste {unknown}
 r - a potion of lignification
 s - a potion of cancellation {unknown}
 z - a potion of degeneration {unknown}
 A - a potion of magic {unknown}


   Skills:
 + Level 1.2(1.5) Fighting
 + Level 1.1(1.3) Staves
 - Level 2.1 Dodging
 - Level 1.5 Stealth
 - Level 6.6(7.0) Spellcasting


You had 3 spell levels left.
You knew the following spells:

 Your Spells              Type           Power      Damage    Failure   Level
a - Freeze                Ice            100%       1d11      1%          1
b - Frozen Ramparts       Ice            100%       1d16      1%          3
c - Ozocubu's Armour      Ice            67%        N/A       1%          3
d - Hailstorm             Conj/Ice       67%        3d14      2%          4
e - Sandblast             Erth           100%       2d20      1%          1
f - Ensorcelled Hibernat  Hex/Ice        100%       N/A       1%          2
g - Inner Flame           Hex/Fire       50%        N/A       1%          3
Your spell library was empty.

Dungeon Overview and Level Annotations

Branches:
Dungeon (5/15)             Temple (1/1) D:4

Altars:
Ashenzari
Dithmenos
Elyvilon
Fedhas
Gozag
Makhleb
Okawaru
Xom
Yredelemnul
Zin
The Shining One

Shops:
D:5 =


Innate Abilities, Weirdness & Mutations

You are a tree.
Your roots penetrate the ground, keeping you stationary.
You cannot be teleported.
You are immune to unholy pain and torment.
Your maximum health is greatly increased.
Your equipment is partially melded.
You are immune to sickness and miasma.
You are immune to poison.
((Your flesh is very heat resistant. (rF++)))
((You are vulnerable to cold. (rC-)))
You float through the air rather than walking.
You learn spells naturally, not from books.
Your magical power is your life essence.
You have superior vitality. (+4 MHP)
Your mind is very acute. (Int +8, Str/Dex -2)
You are strong-willed. (Will+)


Message History

The orc priest is severely wounded.
* * * LOW HITPOINT WARNING * * *
The quokka bites you.
* * * LOW HITPOINT WARNING * * *
The orc priest hits you but does no damage.
The orc hits you but does no damage.
The white imp shouts, "Turn tail, thou ducking limp-willed tiddler!"
The quokka bites you but does no damage.
The orc priest barely misses you.
The orc hits you with a +0 mace of draining.
* * * LOW HITPOINT WARNING * * *
Casting: Sandblast (safe; 1% risk of failure)
Confirm with . or Enter, or press ? or * to list all spells.
Aiming: Freeze (safe; 1% risk of failure)
Press: ? - help, Shift-Dir - straight line, f/p - orc priest
Aim: an orc priest, wielding a +0 club and wearing a +0 leather armour (severely wounded)
You feel a surge of power!
You freeze the orc priest.
The orc priest is almost dead.
* * * LOW HITPOINT WARNING * * *
The quokka bites you.
* * * LOW HITPOINT WARNING * * *
The orc closely misses you. The orc priest hits you with a +0 club.
* * * LOW HITPOINT WARNING * * *
It was a potion of mutation.
You feel extremely strange.
You feel clever. x2; You feel strong-willed.
The quokka bites you but does no damage.
The orc priest closely misses you. The orc misses you.
The white imp gestures at you. The puff of frost hits you. You resist.
* * * LOW HITPOINT WARNING * * *
Okay, then.
Okay, then.
Okay, then.
It was a potion of lignification.
You turn into a tree.
Your +2 cloak of stealth melds into your body.
Your +0 robe melds into your body.
You feel less stealthy.
Your roots penetrate the ground.
The quokka bites you but does no damage.
The orc barely misses you. The orc priest hits you with a +0 club.
You die...

......###....###......##
.....#........##........
..............##........
..............#.........
..............#)........
#...............).......
.#......................
.#.............orl......
.#.......###...)♣.?.....
#...............5o......
........................
........................
........................
........................
................>.......
#.....).................
#.................##...#


You could see an iguana, an orc priest, a white imp, an orc and a quokka.

Vanquished Creatures
  A black bear (D:5)
  A phantom (D:5)
  A kobold brigand (D:5)
  A scorpion (D:4)
  3 hounds
  An iguana (D:5)
  3 orc wizards
  4 adders
  A worm (D:4)
  3 dart slugs
  7 orcs
  5 ball pythons
  7 bats
  7 endoplasms
  3 giant cockroaches
  5 goblins
  5 hobgoblins
  4 jackals (D:1)
  4 quokkas
  5 frilled lizards (D:1)
  13 kobolds
  3 rats
87 creatures vanquished.

Notes
Turn   | Place    | Note
-------+----------+-------------------------------------------
     0 | D:1      | NinjaNoafa the Djinni Ice Elementalist began the quest for
                  | the Orb.
     0 | D:1      | NinjaNoafa set off with the following spells memorised:
                  | Freeze, Frozen Ramparts, Ozocubu's Armour, Hailstorm.
     0 | D:1      | Reached XP level 1. HP: 15/15 MP: 0/0
   612 | D:1      | Reached XP level 2. HP: 14/21 MP: 0/0
   837 | D:1      | Reached XP level 3. HP: 7/25 MP: 0/0
   837 | D:1      | Learned a level 1 spell: Sandblast
  1137 | D:1      | Reached skill level 4 in Spellcasting
  2045 | D:2      | Reached XP level 4. HP: 27/31 MP: 0/0
  2373 | D:3      | Found a faded altar of an unknown god.
  2392 | D:3      | Found a glowing golden altar of the Shining One.
  3352 | D:4      | Found a burning altar of Makhleb.
  3358 | D:4      | Reached XP level 5. HP: 31/35 MP: 0/0
  3358 | D:4      | Learned a level 2 spell: Ensorcelled Hibernation
  3486 | D:4      | Reached skill level 5 in Spellcasting
  3686 | D:4      | Found a staircase to the Ecumenical Temple.
  3699 | Temple   | Entered the Ecumenical Temple
  3743 | Temple   | Became a worshipper of Ashenzari the Shackled
  4037 | D:4      | Identified the ring "Viggoi" {Drain rC+ rCorr Int+2 Slay+3}
  4051 | D:4      | Reached XP level 6. HP: 7/40 MP: 0/0
  5118 | D:5      | Entered Level 5 of the Dungeon
  5133 | D:5      | Found Nonive's One-of-a-Kind Rings.
  5134 | D:5      | Noticed a black bear
  5142 | D:5      | Killed a black bear
  5143 | D:5      | Reached skill level 6 in Spellcasting
  5147 | D:5      | Reached XP level 7. HP: 29/45 MP: 0/0
  5147 | D:5      | Learned a level 3 spell: Inner Flame
  5555 | D:5      | Reached skill level 1 in Fighting
  5555 | D:5      | Reached skill level 1 in Staves
  5559 | D:5      | Gained mutation: Your mind is acute. (Int +4, Str/Dex -1)
                  | [potion of mutation]
  5559 | D:5      | Gained mutation: Your mind is very acute. (Int +8, Str/Dex
                  | -2) [potion of mutation]
  5559 | D:5      | Gained mutation: You are strong-willed. (Will+) [potion of
                  | mutation]
  5559 | D:5      | HP: 1/47 [white imp/puff of frost (4)]
  5560 | D:5      | Slain by an orc priest

Illustrated notes

Levels and vault maps discovered:
D:1:      tarquinn_simple_flora_water_b, layout_basic
D:2:      layout_rooms
D:3:      layout_basic, old_standard_altar,
          chequers_ecumenical_altar_simple_redux, solitary_fountain
D:4:      layout_basic, makhleb_heckhound_becter,
          minmay_temple_entry_glassed_door
D:5:      layout_basic, slow_altar_2, nicolae_shop_unique_rings, uniq_menkaure
Temple:   cyrus_temple_forest

Skill      XL: |  1  2  3  4  5  6  7 |
---------------+----------------------+-----
Spellcasting   | 4 5 6 |  6.6
Fighting       | 1 |  1.2
Staves         | 1 |  1.1
Dodging        | |  2.1
Stealth        | |  1.5

Action                   |  1- 3 |  4- 6 |  7- 9 || total
-------------------------+-------+-------+-------++-------
Melee: Unarmed           |     2 |       |       ||     2
       Dagger            |    24 |     5 |       ||    29
       Staff             |       |    37 |     4 ||    41
 Cast: Freeze            |    31 |     9 |     3 ||    43
       Sandblast         |    13 |    30 |     6 ||    49
       Ensorcelled Hiber |       |     7 |       ||     7
       Frozen Ramparts   |       |     1 |     1 ||     2
       Hailstorm         |       |       |     2 ||     2
Invok: Curse Item        |       |     1 |       ||     1
  Use: Potion            |     1 |     2 |     3 ||     6
 Stab: Sleeping          |       |     8 |       ||     8
Armor: Robe              |    11 |    25 |    14 ||    50
       Skin              |       |       |     1 ||     1
Dodge: Dodged            |    34 |    51 |    32 ||   117

Table legend: (Time is in decaauts)
 A = Elapsed time spent in this place.
 B = Non-inter-level travel time spent in this place.
 C = Inter-level travel time spent in this place.
 D = Time resting spent in this place.
 E = Time spent auto-exploring this place.
 F = Levels seen in this place.
 G = Mean time per level.
                   A        B        C        D        E       F      G
               +--------+--------+--------+--------+--------+-----+--------+
         Total |   5588 |   5345 |    243 |      0 |   4693 |   6 |  931.3 |
       Dungeon |   5503 |   5301 |    202 |      0 |   4667 |   5 | 1100.6 |
        Temple |     85 |     44 |     41 |      0 |     26 |   1 |   85.0 |
               +--------+--------+--------+--------+--------+-----+--------+

Top non-repeatable levels by time:
     D:1: 1904 daAuts
     D:4: 1699 daAuts
     D:3: 1036 daAuts
     D:5: 447 daAuts
     D:2: 415 daAuts
  Temple: 85 daAuts
